 Dungeon Crawl Stone Soup version 0.21.0-3-g78d12a8 (webtiles) character file.

74562 Inkary the Warrior (level 15, -8/147 HPs)
             Began as a Minotaur Berserker on Jan 13, 2018.
             Was a High Priest of Trog.
             Mangled by a death yak (12 damage)
             ... on level 6 of the Lair of Beasts.
             The game lasted 00:50:43 (17180 turns).

Inkary the Warrior (Minotaur Berserker)            Turns: 17180, Time: 00:50:44

Health: -8/147     AC: 22    Str: 20    XL:     15   Next: 7%
Magic:  17/17      EV: 21    Int:  4    God:    Trog [*****.]
Gold:   968        SH: 15    Dex: 19    Spells: 14/14 levels left

rFire    + + +     SeeInvis .   L - +2 long sword (vamp)
rCold    + + .     Gourm    .   W - +0 shield
rNeg     . . .     Faith    .   w - +1 ring mail of Misanthropy {rF+ MR++}
rPois    +         Spirit   .   U - +2 hat
rElec    +         Reflect  +   a - +2 cloak {rC+}
rCorr    .         Harm     .   F - +0 pair of gloves of Rationality {rElec}
MR       ++++.                  q - +2 pair of boots {run}
Stlth    +.........             A - amulet of Contentment {Reflect rF++ rC+ MR+ SH+3}
HPRegen  0.34/turn              d - +3 ring of dexterity
MPRegen  0.15/turn              b - ring of poison resistance

@: berserk cooldown, slowed, very slow
A: retaliatory headbutt, horns 2, yellow scales 1, mutation resistance 1, weak
1, sturdy frame 1
a: Berserk, Trog's Hand, Brothers in Arms, Burn Spellbooks, Renounce Religion


You were on level 6 of the Lair of Beasts.
You worshipped Trog.
Trog was extremely pleased with you.
You were near starving.

You visited 2 branches of the dungeon, and saw 20 of its levels.
You also visited: Ice Cave.

You collected 1411 gold pieces.
You spent 443 gold pieces at shops.

Inventory:

Hand Weapons
 p - a +2 scimitar of flaming
 L - a +2 vampiric long sword (weapon)
 M - the +9 long sword "Paan Zia" {elec, +Blink rElec}
   (You found it on level 11 of the Dungeon)

   Occasionally, upon striking a foe, it will discharge some electrical energy
   and cause terrible harm.
   It insulates you from electricity.
   It lets you blink.
Missiles
 I - a throwing net (quivered)
Armour
 a - a +2 cloak of cold resistance (worn)
 q - a +2 pair of boots of running (worn)
 w - the +1 ring mail of Misanthropy (worn) {rF+ MR++}
   (You found it on level 4 of the Dungeon)

   It protects you from fire.
   It affects your resistance to hostile enchantments.
 F - the +0 pair of gloves of Rationality (worn) {rElec}
   (You bought it in a shop on level 10 of the Dungeon)

   It insulates you from electricity.
 U - a +2 hat (worn)
 W - a +0 shield (worn)
 Z - a +0 large shield
Jewellery
 b - a ring of poison resistance (right hand)
 d - a +3 ring of dexterity (left hand)
 j - an uncursed ring of protection from fire
 k - a +3 ring of strength
 v - a +3 ring of protection
 y - an uncursed ring of protection from magic
 A - the amulet of Contentment (around neck) {Reflect rF++ rC+ MR+ SH+3}
   (You found it on level 5 of the Dungeon)

   [amulet of reflection]

   It shields you and reflects attacks.
   It greatly protects you from fire.
   It protects you from cold.
   It affects your resistance to hostile enchantments.
   It affects your SH (+3).
Wands
 g - a wand of digging (26)
 o - a wand of enslavement (47)
 s - a wand of polymorph (9)
Scrolls
 e - 3 scrolls of fear
 h - 10 scrolls of teleportation
 i - 2 scrolls of blinking
 m - 4 scrolls of remove curse
 n - a scroll of magic mapping
 B - 2 scrolls of fog
 C - a scroll of silence
 E - a scroll of enchant weapon
 N - a scroll of holy word {unknown}
 O - a scroll of vulnerability {unknown}
 X - 2 scrolls of random uselessness {unknown}
Potions
 f - 2 potions of lignification
 l - 2 potions of resistance
 r - 8 potions of curing
 t - a potion of magic {unknown}
 u - 7 potions of heal wounds
 z - 3 potions of agility
 G - 4 potions of ambrosia
 K - 5 potions of haste
 Q - 5 potions of might
 R - a potion of flight {unknown}
Books
 x - a book of Misfortune

   Spells                             Type                      Level
   a - Confusing Touch                Hexes                        1
   b - Confuse                        Hexes                        3
   c - Gell's Gravitas                Translocation                3
   d - Petrify                        Transmutation/Earth          4
   e - Metabolic Englaciation         Hexes/Ice                    5
   f - Yara's Violent Unravelling     Hexes/Transmutation          5
   Trog disapproves of the use of such an item.
 D - a book of Conjurations

   Spells                             Type                      Level
   a - Magic Dart                     Conjuration                  1
   b - Searing Ray                    Conjuration                  2
   c - Dazzling Spray                 Conjuration/Hexes            3
   d - Fulminant Prism                Conjuration/Hexes            4
   e - Force Lance                    Conjuration/Translocation    4
   f - Iskenderun's Mystic Blast      Conjuration                  4
   Trog disapproves of the use of such an item.
 S - a book of Geomancy

   Spells                             Type                      Level
   a - Sandblast                      Earth                        1
   b - Passwall                       Transmutation/Earth          2
   c - Stone Arrow                    Conjuration/Earth            3
   d - Petrify                        Transmutation/Earth          4
   e - Lee's Rapid Deconstruction     Earth                        5
   Trog disapproves of the use of such an item.
Miscellaneous
 T - a fan of gales
Comestibles
 c - 29 rations
 H - 5 chunks of flesh


   Skills:
 + Level 17.3 Fighting
 - Level 10.0 Long Blades
 - Level 5.3 Throwing
 - Level 15.1 Armour
 - Level 14.1 Dodging
 + Level 9.2 Shields
 - Level 4.0 Evocations


You had 14 spell levels left.
You didn't know any spells.

Dungeon Overview and Level Annotations

Branches:
Dungeon (14/15)            Temple (0/1) D:5            Lair (6/6) D:10
 Shoals (0/4) Lair:4       Spider (0/4) Lair:3        Slime (0/5) Lair:6
 Vaults (0/5) D:13
    Orc: D:9-12

Altars:
Cheibriados
Dithmenos
Elyvilon
Fedhas
Nemelex Xobeh
Okawaru
Qazlal
Ru
Vehumet
Wu Jian
The Shining One
Jiyva

Shops:
D:6 *   D:10 %[![!


Innate Abilities, Weirdness & Mutations

You reflexively headbutt those who attack you in melee.
You have a pair of horns on your head.
You are partially covered in yellow scales. (AC +2)
You are somewhat resistant to further mutation.
You are weak. (Str -2)
Your movements are slightly less encumbered by armour. (ER -2)


Message History

The death yak gores you!
* * * LOW HITPOINT WARNING * * *
The death yak gores you!
* * * LOW HITPOINT WARNING * * *
The death yak gores you!!
* * * LOW HITPOINT WARNING * * *
The death yak gores you but does no damage. x2
The death yak barely misses you.
You turn to flesh and can move again.
Unknown command.
Unknown command.
You feel much better. The death yak closely misses you.
The death yak misses you.
You riposte.
You hit the death yak.
The death yak is severely wounded.
You block the death yak's attack.
The death yak gores the plant!!
The plant is destroyed!
The death yak gores you!
* * * LOW HITPOINT WARNING * * *
The death yak gores you!
You die...

##P...# #....P#
#.....# ...
#.....# P ...
##.÷..## #. #..
#.†..## #. #..
###...## #.#÷Y
###YY..P# #...÷
##.YY@.P##
#♣....##....Y.##
#.P........†###
##...########
#.# #


You could see 5 death yaks.

Vanquished Creatures
  Gastronok (Lair:2)
  A frost giant (IceCv)
  The ghost of inmateoo the Basher, a journeyman KoBe of Trog (D:14)
  Josephine (D:13)
  8 vault guards (D:13)
  7 hydras
  A catoblepas (Lair:6)
  Harold (D:11)
  A death knight (D:13)
  4 centaur warriors
  2 tengu warriors (D:13)
  5 two-headed ogres
  12 death yaks
  2 unseen horrors
  A wolf spider zombie (D:14)
  4 ugly things
  A cyclops (D:13)
  4 elephants (Lair:6)
  An ice statue (IceCv)
  A centaur zombie (D:14)
  3 black mambas (Lair:6)
  13 spiny frogs
  5 rime drakes
  An efreet (D:13)
  A torpor snail (Lair:6)
  3 komodo dragons
  A kobold demonologist (D:14)
  A merfolk (Lair:4)
  4 trolls
  18 blink frogs
  19 polar bears
  2 dream sheep (D:8)
  2 hippogriffs
  Sigmund (D:2)
  A wyvern (D:7)
  A centaur simulacrum (D:13)
  4 wraiths
  51 yaks
  2 hungry ghosts
  A basilisk (Lair:6)
  An acid dragon (D:12)
  11 water moccasins
  Duvessa (D:6)
  11 porcupines
  3 black bears
  2 orc warriors
  5 ice beasts
  3 sky beasts
  7 ogres
  21 wolves
  A necrophage (D:10)
  2 eyes of draining
  12 centaurs
  8 crocodiles
  5 big kobolds
  A wyvern zombie (D:14)
  13 bullfrogs
  A gnoll sergeant (D:9)
  Dowan (D:6)
  3 scorpions
  3 wyvern skeletons
  8 killer bees
  13 wights
  3 howler monkeys
  2 spriggan skeletons (D:9)
  8 electric eels
  2 crimson imps
  A quasit (D:9)
  A bullfrog zombie (D:7)
  6 hounds
  An iron imp (D:5)
  6 bullfrog skeletons
  2 orc priests
  2 jellies
  3 centaur skeletons (D:9)
  3 iguanas
  3 orc wizards
  10 worker ants
  2 hound zombies
  A hound skeleton (D:6)
  4 gnolls (D:9)
  4 adders
  3 shadow imps
  12 white imps (D:13)
  An ooze (D:4)
  An adder skeleton (D:8)
  4 dart slugs
  5 leopard geckos
  18 orcs
  2 giant cockroaches
  4 goblins
  5 hobgoblins
  21 jackals
  7 quokkas
  8 bats
  2 frilled lizards
  14 kobolds
  7 rats
  A fungus (D:14)
508 creatures vanquished.

Vanquished Creatures (others)
  Nessos (Lair:6)
  A centaur (D:12)
  9 fungi
  2 plants (Lair:6)
13 creatures vanquished.

Grand Total: 521 creatures vanquished

Notes
Turn   | Place    | Note
-------+----------+-------------------------------------------
     0 | D:1      | Inkary the Minotaur Berserker began the quest for the Orb.
     0 | D:1      | Reached XP level 1. HP: 19/19 MP: 0/0
   136 | D:1      | Reached XP level 2. HP: 22/26 MP: 1/1
   656 | D:2      | Reached ** piety under Trog
   656 | D:2      | Reached skill level 5 in Long Blades
   676 | D:2      | Reached XP level 3. HP: 30/31 MP: 2/2
   885 | D:2      | Noticed Sigmund
   891 | D:2      | Killed Sigmund
   891 | D:2      | Reached XP level 4. HP: 23/39 MP: 3/3
   891 | D:2      | Reached XP level 5. HP: 27/45 MP: 4/4
  1002 | D:2      | Found a radiant altar of Vehumet.
  1344 | D:3      | Identified a +2 pair of boots of running (You found it on level 3 of the Dungeon)
  1362 | D:3      | Found a stormy altar of Qazlal.
  1599 | D:3      | Found an iron altar of Okawaru.
  1913 | D:3      | Found a sparkling altar of Nemelex Xobeh.
  2194 | D:4      | Reached XP level 6. HP: 51/51 MP: 5/5
  2345 | D:4      | Got a twisted ring mail
  2637 | D:4      | Found a glowing golden altar of the Shining One.
  2746 | D:5      | Entered Level 5 of the Dungeon
  2770 | D:5      | Reached XP level 7. HP: 39/57 MP: 6/6
  2780 | D:5      | Reached *** piety under Trog
  2891 | D:5      | Reached skill level 10 in Long Blades
  2937 | D:5      | Reached skill level 4 in Fighting
  2941 | D:5      | Found a snail-covered altar of Cheibriados.
  2972 | D:5      | Found a staircase to the Ecumenical Temple.
  3068 | D:5      | Got a flickering emerald amulet
  3408 | D:6      | Found Woczi's Assorted Antiques.
  3418 | D:6      | Bought a scroll labeled VITOPT SIBYGU for 23 gold pieces
  3418 | D:6      | Bought a scroll labeled DOGRASCHOTEMM for 23 gold pieces
  3418 | D:6      | Bought a lumpy ruby potion for 20 gold pieces
  3418 | D:6      | Bought a scroll labeled MACAEW EPOSCH for 23 gold pieces
  3470 | D:6      | Reached XP level 8. HP: 56/67 MP: 7/7
  3507 | D:6      | Reached skill level 5 in Fighting
  3536 | D:6      | Identified the amulet of Contentment {Reflect rF++ rC+ MR+ SH+3} (You found it on level 5 of the Dungeon)
  3558 | D:6      | Identified the +1 ring mail of Misanthropy {rF+ MR++} (You found it on level 4 of the Dungeon)
  3740 | D:6      | Noticed Duvessa
  3740 | D:6      | Noticed Dowan
  3761 | D:6      | Killed Duvessa
  3765 | D:6      | Killed Dowan
  3811 | D:6      | Reached skill level 5 in Armour
  3819 | D:6      | Reached skill level 6 in Fighting
  3823 | D:6      | Reached **** piety under Trog
  3917 | D:6      | Found a white marble altar of Elyvilon.
  4206 | D:7      | Reached skill level 5 in Dodging
  4307 | D:7      | Reached skill level 7 in Fighting
  4404 | D:7      | Found a sacrificial altar of Ru.
  4423 | D:7      | Reached XP level 9. HP: 79/79 MP: 8/8
  4699 | D:8      | Reached skill level 8 in Fighting
  4839 | D:8      | Found a sacrificial altar of Ru.
  4947 | D:8      | Reached skill level 9 in Fighting
  5018 | D:8      | Noticed a three-headed hydra
  5025 | D:8      | Killed a one-headed hydra
  5025 | D:8      | Reached XP level 10. HP: 91/91 MP: 9/9
  5304 | D:8      | Noticed a white ugly thing
  5318 | D:8      | Killed a white ugly thing
  5380 | D:8      | HP: 3/139 [electric eel/bolt of electricity (6)]
  6167 | D:9      | Found a shadowy altar of Dithmenos.
  6200 | D:9      | Reached skill level 10 in Fighting
  6600 | D:9      | Killed an unseen horror
  6600 | D:9      | Reached skill level 10 in Armour
  6890 | D:9      | Noticed a two-headed ogre
  6898 | D:9      | Killed a two-headed ogre
  7013 | D:9      | Noticed a two-headed ogre
  7021 | D:9      | Killed a two-headed ogre
  7021 | D:9      | Reached skill level 11 in Fighting
  7021 | D:9      | Reached XP level 11. HP: 102/102 MP: 10/10
  7467 | D:9      | Found an ornate altar of the Wu Jian Council.
  7511 | D:10     | Entered Level 10 of the Dungeon
  7522 | D:10     | Reached skill level 10 in Dodging
  7615 | D:10     | Found Qokady's Armour Boutique.
  7640 | D:10     | Found Bemmuthroi's Distillery.
  7652 | D:10     | Bought a potion of heal wounds for 60 gold pieces
  7685 | D:10     | Found a staircase to the Lair.
  7709 | D:10     | Found Haxzeq's Antique Armour Shoppe.
  7714 | D:10     | Bought a pair of spiked gloves for 294 gold pieces
  7725 | D:10     | Identified the +0 pair of gloves of Rationality {rElec} (You bought it in a shop on level 10 of the Dungeon)
  8036 | D:10     | Killed an unseen horror
  8088 | D:10     | Found Gotoub's Food Shop.
  8091 | D:10     | Found Estoc's Distillery.
  8213 | D:10     | Noticed a two-headed ogre
  8219 | D:10     | Killed a two-headed ogre
  8750 | D:11     | Noticed Harold
  8774 | D:11     | Killed Harold
  8774 | D:11     | Reached skill level 12 in Fighting
  8892 | D:11     | Noticed a two-headed ogre
  8902 | D:11     | Killed a two-headed ogre
  8928 | D:11     | Got a warped long sword
  8936 | D:11     | Identified the +9 long sword "Paan Zia" {elec, +Blink rElec} (You found it on level 11 of the Dungeon)
  9090 | D:11     | You fall through a shaft for 3 floors!
  9141 | D:14     | Noticed a centaur warrior
  9149 | D:14     | Received a gift from Trog
  9154 | D:14     | Killed a centaur warrior
  9222 | D:14     | Noticed a four-headed hydra
  9231 | D:14     | Killed a one-headed hydra
  9231 | D:14     | Reached XP level 12. HP: 113/113 MP: 0/11
  9246 | D:13     | Noticed Josephine
  9253 | D:13     | Killed Josephine
  9284 | D:13     | Found a frozen archway.
  9287 | D:13     | Noticed a death knight
  9321 | D:13     | Noticed a centaur warrior
  9325 | D:13     | Killed a death knight
  9336 | D:13     | Killed a centaur warrior
  9336 | D:13     | Reached skill level 13 in Fighting
  9341 | D:13     | Reached ***** piety under Trog
  9498 | IceCv    | Entered an ice cave
 10029 | IceCv    | Noticed a frost giant
 10066 | IceCv    | Killed a frost giant
 10066 | IceCv    | Reached skill level 14 in Fighting
 10342 | D:13     | Noticed a vault guard
 10342 | D:13     | Noticed a vault guard
 10342 | D:13     | Noticed a vault guard
 10343 | D:13     | Found a gate to the Vaults.
 10343 | D:13     | Noticed a vault guard
 10343 | D:13     | Noticed a vault guard
 10344 | D:13     | Noticed a vault guard
 10344 | D:13     | Noticed a vault guard
 10345 | D:13     | Noticed a vault guard
 10358 | D:13     | Killed a vault guard
 10366 | D:13     | Killed a vault guard
 10366 | D:13     | Reached skill level 1 in Evocations
 10371 | D:13     | Killed a vault guard
 10371 | D:13     | Reached XP level 13. HP: 107/124 MP: 11/13
 10660 | D:13     | Received a gift from Trog
 11279 | D:14     | Noticed inmateoo's ghost (journeyman KoBe)
 11298 | D:14     | Killed inmateoo's ghost
 11554 | D:14     | Reached skill level 1 in Throwing
 11746 | D:12     | Reached skill level 15 in Fighting
 12140 | Lair:1   | Entered Level 1 of the Lair of Beasts
 12798 | Lair:2   | Noticed Gastronok
 12813 | Lair:2   | Killed Gastronok
 12813 | Lair:2   | Reached skill level 15 in Armour
 13149 | Lair:2   | Reached XP level 14. HP: 128/135 MP: 16/16
 13235 | Lair:2   | Found a sparkling altar of Nemelex Xobeh.
 13668 | Lair:3   | Found a hole to the Spider Nest.
 13687 | Lair:3   | Reached skill level 1 in Shields
 14248 | Lair:4   | Received a gift from Trog
 14272 | Lair:4   | Gained mutation: Your movements are slightly less encumbered by armour. (ER -2) [potion of mutation]
 14272 | Lair:4   | Gained mutation: You are somewhat resistant to further mutation. [potion of mutation]
 14272 | Lair:4   | Gained mutation: You are weak. (Str -2) [potion of mutation]
 14272 | Lair:4   | Gained mutation: You are partially covered in yellow scales. (AC +2) [potion of mutation]
 14641 | Lair:4   | Reached skill level 5 in Throwing
 14993 | Lair:4   | Found a staircase to the Shoals.
 15433 | Lair:5   | Reached skill level 16 in Fighting
 15485 | Lair:5   | Reached skill level 5 in Shields
 16133 | Lair:6   | Entered Level 6 of the Lair of Beasts
 16171 | Lair:6   | Found a staircase to the Slime Pits.
 16171 | Lair:6   | Found a viscous altar of Jiyva.
 16397 | Lair:6   | Noticed Nessos
 16440 | Lair:6   | Killed Nessos
 16451 | Lair:6   | Identified a scroll of acquirement
 16711 | Lair:6   | Found a blossoming altar of Fedhas.
 16818 | Lair:6   | Reached skill level 17 in Fighting
 16878 | Lair:6   | Received a gift from Trog
 16887 | Lair:6   | Reached XP level 15. HP: 147/147 MP: 17/17
 17179 | Lair:6   | HP: 6/147 [death yak (10)]
 17180 | Lair:6   | Mangled by a death yak

Skill      XL: |  1  2  3  4  5  6  7  8  9 10 11 12 13 14 15 |
---------------+----------------------------------------------+-----
Long Blades    | 4 5 7 8 9 10 | 10.0
Fighting       | 4 7 9 11 12 14 15 17 | 17.3
Armour         | 4 6 9 10 12 14 15 | 15.1
Dodging        | 3 5 8 9 11 13 14 | 14.1
Evocations     | 1 4 |  4.0
Throwing       | 3 5 |  5.3
Shields        | 8 9 |  9.2

Action                   |  1- 3 |  4- 6 |  7- 9 | 10-12 | 13-15 || total
-------------------------+-------+-------+-------+-------+-------++-------
Melee: Falchion          |    44 |    79 |   281 |   525 |       ||   929
       Headbutt          |     6 |    24 |    81 |   214 |   239 ||   564
       Long sword        |       |       |       |    73 |   632 ||   705
       Scimitar          |       |       |       |     4 |    98 ||   102
Invok: Berserk           |     1 |       |     2 |     6 |     5 ||    14
       Trog's Hand       |       |       |     5 |    20 |    18 ||    43
       Burn Spellbooks   |       |       |       |       |     1 ||     1
Evoke: Fan of gales      |       |       |       |       |     1 ||     1
  Use: Scroll            |       |     1 |    11 |     7 |    19 ||    38
       Potion            |       |       |       |       |     2 ||     2
 Stab: Petrified         |       |       |       |       |     8 ||     8
       Petrifying        |       |       |       |       |     1 ||     1
  Eat: Chunk             |       |     6 |    11 |    17 |    23 ||    57
       Ration            |       |       |     1 |     5 |     8 ||    14
Armor: Animal skin       |     8 |       |       |       |       ||     8
       Ring mail         |     6 |    34 |    96 |   238 |   215 ||   589
Dodge: Dodged            |    27 |    65 |   164 |   576 |   471 ||  1303
Block: Other             |       |       |    12 |    72 |    29 ||   113
       Reflection        |       |       |       |     4 |     7 ||    11
       Shield            |       |       |       |       |   372 ||   372
       Rpst.: Falchion   |     5 |    14 |    42 |    81 |       ||   142
       Long sword        |       |       |       |    10 |    99 ||   109
       Scimitar          |       |       |       |       |    21 ||    21
